 Dungeon Crawl Stone Soup version 0.28.0-53-g5a82cb258f (webtiles) character file.

Game seed: 8158191540445643564

156 Descartes the Grasshopper (level 5, 0/38 HPs)
             Began as a Formicid Warper on May 29, 2022.
             Slain by Blork the orc
             ... wielding a +0 short sword
              (4 damage)
             ... on level 4 of the Dungeon.
             The game lasted 00:05:16 (4287 turns).

Descartes the Grasshopper (Formicid Warper)         Turns: 4287, Time: 00:05:16

Health: 0/38       AC:  1    Str: 17 (19) XL:     5   Next: 64%
Magic:  8/8        EV: 10    Int: 11 (13) God:
Gold:   119        SH:  0    Dex: 11 (12) Spells: 8/8 levels left

rFire   . . .      SeeInvis +   a - +1 mace
rCold   . . .      Faith    .   (no shield)
rNeg    . . .      Spirit   .   k - +0 scale mail
rPois   .          Reflect  .   (helmet unavailable)
rElec   .          Harm     .   (no cloak)
rCorr   .          Rampage  .   g - -6 pair of gloves of Twilight {Str+2 Dex+2 Slay+4}
Will    .....                   (no boots)
Stlth   ..........              (no amulet)
HPRegen 0.12/turn               (no ring)
MPRegen 0.11/turn               (no ring)

@: no status effects
A: permanent stasis, dig shafts and tunnels, antennae 3, four strong arms
a: Dig, Shaft Self


You were on level 4 of the Dungeon.
You visited 1 branch of the dungeon, and saw 4 of its levels.

You collected 119 gold pieces.

Inventory:

Hand Weapons
 a - a +1 mace (weapon)
Missiles
 c - 5 boomerangs of dispersal (quivered)
 n - 48 stones
Armour
 b - a +0 leather armour
 g - the -6 pair of gloves of Twilight (worn) {Str+2 Dex+2 Slay+4}
   (You acquired it on level 4 of the Dungeon)

   Str:       It affects your strength (+2).
   Dex:       It affects your dexterity (+2).
   Slay:      It affects your accuracy & damage with ranged weapons and melee
   (+4).
 k - a +0 scale mail (worn)
Wands
 i - a wand of acid (2)
Scrolls
 l - 2 scrolls of teleportation
 m - a scroll of noise
Potions
 d - a potion of attraction
 e - a potion of cancellation {unknown}


   Skills:
 - Level 2.1 Fighting
 + Level 3.2 Maces & Flails
 - Level 1.0 Throwing
 + Level 2.7 Armour
 - Level 1.7 Dodging
 + Level 2.7 Shields
 - Level 2.1 Spellcasting
 + Level 3.5 Translocations


You had 8 spell levels left.
You didn't know any spells.
Your spell library contained the following spells:

 Spells                   Type           Power      Damage    Failure   Level
 Gell's Gravitas          Tloc           8%         N/A       56%         3
 Lesser Beckoning         Tloc           8%         N/A       56%         3
 Teleport Other           Tloc           8%         N/A       56%         3
 Manifold Assault         Tloc           8%         N/A       99%         5
 Blink                    Tloc           Unusable   N/A       N/A         2

Dungeon Overview and Level Annotations

Branches:
Dungeon (4/15)
 Temple: D:4-7

Altars:
Nemelex Xobeh
Uskayaw
The Shining One

Shops:
D:2 [

Annotations:
D:4 Blork the orc


Innate Abilities, Weirdness & Mutations

You cannot be hasted, slowed, berserked, paralysed or teleported.
You can dig through walls and to a lower floor.
You have a pair of large antennae on your head. (SInv)
Your four strong arms can wield two-handed weapons with a shield.


Message History

You start putting on your armour.
You continue putting on the -6 pair of gloves of Twilight {Str+2 Dex+2 Slay+4}. x4
You finish putting on the -6 pair of gloves of Twilight {Str+2 Dex+2 Slay+4}.
You feel stronger.
You feel agile.
As you read the scroll labelled JUG EXTOGISM, it crumbles to dust.
It is a scroll of enchant weapon.
Your +0 mace glows red for a moment.
As you read the scroll labelled KUREWA VEJAGHA, it crumbles to dust.
It is a scroll of identify.
d - a potion of attraction
Found an escape hatch in the floor.
Found a scimitar.
Blork the orc comes into view.
He is wielding a +0 short sword.
You hear the slow rusting of a distant drain.
Blork the orc shouts!
Found a fustibalus.
Blork the orc casts a spell at you. The puff of flame hits you.
* * * LOW HITPOINT WARNING * * *
Okay, then.
Blork the orc looks braver for a moment.
Blork the orc mumbles some strange words.
Blork the orc seems to speed up.
Found 2 lumpy inky potions.
Blork the orc looks encouraged for a moment.
Blork the orc barely misses you.
You sock Blork the orc!
Blork the orc is moderately wounded.
Blork the orc barely misses you.
Blork the orc hits you with a +0 short sword.
* * * LOW HITPOINT WARNING * * *
You closely miss Blork the orc.
Blork the orc is moderately wounded.
Blork the orc closely misses you.
You hit Blork the orc.
You punch Blork the orc, but do no damage.
Blork the orc is moderately wounded.
Blork the orc completely misses you.
Blork the orc hits you with a +0 short sword.
You die...

#.# ####..#
#.# #.....#
#.#
#.###.#####
#.# #
#.....† #.#
####### #.#
#.#
#########o#
{
........@!#
{ #
###########
{


You could see Blork the orc (fast).

Vanquished Creatures
  A hound (D:4)
  Terence (D:2)
  An adder (D:2)
  An adder skeleton (D:3)
  5 worms
  3 orcs (D:3)
  8 endoplasms
  2 giant cockroaches (D:1)
  5 hobgoblins
  10 jackals
  2 kobolds (D:1)
  5 quokkas
  6 ball pythons
  6 bats
  4 frilled lizards
  3 goblins (D:1)
  7 rats
70 creatures vanquished.

Notes
Turn   | Place    | Note
-------+----------+-------------------------------------------
     0 | D:1      | Descartes the Formicid Warper began the quest for the Orb.
     0 | D:1      | Reached XP level 1. HP: 16/16 MP: 3/3
   109 | D:1      | Reached XP level 2. HP: 22/22 MP: 5/5
   173 | D:1      | Reached skill level 1 in Shields
   562 | D:1      | Reached XP level 3. HP: 27/27 MP: 6/6
  1580 | D:2      | Reached XP level 4. HP: 27/33 MP: 7/7
  1802 | D:2      | Found Wonuel's Antique Armour Boutique.
  2390 | D:3      | Noticed Terence
  2434 | D:2      | Killed Terence
  2724 | D:3      | Reached XP level 5. HP: 32/38 MP: 8/8
  2785 | D:3      | Found a faded altar of an unknown god.
  2955 | D:3      | Found a sparkling altar of Nemelex Xobeh.
  2958 | D:3      | Found a hide-covered altar of Uskayaw.
  2958 | D:3      | Found a glowing golden altar of the Shining One.
  4245 | D:4      | Identified a scroll of acquirement
  4245 | D:4      | Acquired the -6 pair of gloves of Twilight {Str+2 Dex+2
                  | Slay+4}
  4262 | D:4      | Noticed Blork the orc
  4287 | D:4      | Slain by Blork the orc

Illustrated notes

Levels and vault maps discovered:
D:1:      tarquinn_simple_flora_water_a, layout_loops_ring
D:2:      layout_loops_cross, serial_shops, nicolae_square_shop
D:3:      layout_rooms, grunt_temple_overflow_open, basic_ecumenical_altar,
          nicolae_wormholes, uniq_terence
D:4:      layout_loops_ring, amcnicky_altar_gilded,
          cheibrodos_sewer_entry_sluice, uniq_sigmund, uniq_blork_the_orc

Skill      XL: |  1  2  3  4  5 |
---------------+----------------+-----
Shields        | 1 2 |  2.7
Translocations | 3 |  3.5
Armour         | 2 |  2.7
Maces & Flails | 3 |  3.2
Fighting       | |  2.1
Throwing       | |  1.0
Dodging        | |  1.7
Spellcasting   | |  2.1

Action                   |  1- 3 |  4- 6 || total
-------------------------+-------+-------++-------
Melee: Mace              |   123 |   190 ||   313
       Punch             |     3 |     2 ||     5
  Use: Potion            |       |     5 ||     5
       Scroll            |       |     5 ||     5
 Stab: Sleeping          |     1 |       ||     1
       Invisible         |       |     3 ||     3
Armor: Leather armour    |    49 |       ||    49
       Scale mail        |     7 |    91 ||    98
Dodge: Dodged            |   115 |   139 ||   254
